 Dungeon Crawl Stone Soup version 0.28.0-1-gb440e238dd (webtiles) character file.

Game seed: 9526432503537372343

17 Tsarbomb the Cudgeller (level 2, -3/19 HPs)
             Began as a Gargoyle Monk on Feb 26, 2022.
             Was a Priest of Wu Jian.
             Slain by an adder (4 damage)
             ... on level 1 of the Dungeon on Feb 27, 2022.
             The game lasted 00:04:12 (870 turns).

Tsarbomb the Cudgeller (Gargoyle Monk)               Turns: 870, Time: 00:04:13

Health: -3/19      AC:  4    Str: 14    XL:     2   Next: 62%
Magic:  2/2        EV: 12    Int: 10    God:    Wu Jian [***...]
Gold:   55         SH:  3    Dex: 12    Spells: 1/1 levels left

rFire   . . .      SeeInvis .   a - +0 mace
rCold   . . .      Faith    .   c - +0 buckler
rNeg    + . .      Spirit   .   b - +0 robe
rPois   ∞          Reflect  .   (no helmet)
rElec   +          Harm     .   (no cloak)
rCorr   .          Rampage  .   (no gloves)
Will    .....                   (no boots)
Stlth   ++........              (no amulet)
HPRegen 0.06/turn               (no ring)
MPRegen 0.08/turn               (no ring)

@: no status effects
A: sickness immunity, AC +2, negative energy resistance 1, electricity
resistance, torment resistance 1, petrification resistance
a: Renounce Religion, Wall Jump, Serpent's Lash


You were on level 1 of the Dungeon.
You worshipped Wu Jian.
Wu Jian was most pleased with you.
You visited 1 branch of the dungeon, and saw 2 of its levels.

You collected 55 gold pieces.

Inventory:

Hand Weapons
 a - a +0 mace (weapon)
Armour
 b - a +0 robe (worn)
 c - a +0 buckler (worn)
Scrolls
 e - 2 scrolls of identify {unknown}
Potions
 d - a potion of brilliance {unknown}


   Skills:
 - Level 3.2 Fighting
 + Level 3.5 Maces & Flails
 - Level 2.4 Dodging
 - Level 2.1 Stealth
 * Level 1.2 Shields


You had one spell level left.
You didn't know any spells.
Your spell library was empty.

Dungeon Overview and Level Annotations

Branches:
Dungeon (2/15)

Altars:
Wu Jian


Innate Abilities, Weirdness & Mutations

You are immune to sickness and miasma.
Your stone body is resilient. (AC +2)
You are immune to poison.
You resist negative energy. (rN+)
You are resistant to electric shocks. (rElec)
You are resistant to unholy torment.
You are immune to petrification.


Message History

There is a stone staircase leading up here.
The adder bites you. The adder bites you but does no damage.
You block the goblin's attack. You block the adder's attack.
You climb upwards.
There is a stone staircase leading down here.
You spin to attack the goblin, but your attack speed is too slow for a blow to land.
The goblin hits you but does no damage. The adder closely misses you.
You spin and attack the goblin.
You hit the goblin.
You kill the goblin!
The Council accepts your kill. The adder closely misses you.
You closely miss the adder. The adder bites you.
* * * LOW HITPOINT WARNING * * *
You hit the adder but do no damage. The adder closely misses you.
The adder bites you.
* * * LOW HITPOINT WARNING * * *
You miss the adder.
The adder bites you but does no damage. x2
You barely miss the adder. The adder bites you but does no damage.
You hit the adder.
The adder is lightly wounded.
You block the adder's attack. The adder closely misses you.
You completely miss the adder.
The adder is lightly wounded.
The adder closely misses you. The adder bites you.
* * * LOW HITPOINT WARNING * * *
You hit the adder.
The adder is moderately wounded.
The adder closely misses you. The adder barely misses you.
You closely miss the adder.
The adder is moderately wounded.
You block the adder's attack.
You hit the adder.
The adder is severely wounded.
The adder bites you.
* * * LOW HITPOINT WARNING * * *
The adder closely misses you.
You miss the adder.
The adder is severely wounded.
The adder bites you.
You die...

##### ##...## ########
#.###.#### #...##.. #.#
#....##########.......
#.###.##..............#..#
##...##############..##..#
##.############.......)..
#.#..SS@................
#..#..########.##.#._...
#..>).########^##.#.....
##................÷..#..
##..#########.###...#..
#..# #.# #...#..
#..#########.# #...#.#
#............###.....#
##.######.............


You could see 2 adders.

Vanquished Creatures
  A ball python (D:1)
  3 goblins (D:1)
  2 hobgoblins (D:1)
  A quokka (D:1)
  3 bats (D:1)
  A frilled lizard (D:1)
  5 kobolds (D:1)
  2 rats (D:1)
18 creatures vanquished.

Notes
Turn   | Place    | Note
-------+----------+-------------------------------------------
     0 | D:1      | Tsarbomb the Gargoyle Monk began the quest for the Orb.
     0 | D:1      | Reached XP level 1. HP: 14/14 MP: 1/1
   190 | D:1      | Found a faded altar of an unknown god.
   199 | D:1      | Prayed at the altar of an unknown god.
   199 | D:1      | Became a worshipper of the Wu Jian Council
   199 | D:1      | Reached * piety under Wu Jian
   199 | D:1      | Reached ** piety under Wu Jian
   276 | D:1      | Reached XP level 2. HP: 19/19 MP: 2/2
   304 | D:1      | Reached skill level 1 in Shields
   327 | D:1      | Reached *** piety under Wu Jian
   870 | D:1      | Slain by an adder

Illustrated notes

Levels and vault maps discovered:
D:1:      minmay_arrival_radiant_lines, layout_loops_ring,
          ebering_ecumenical_altar_webs
D:2:      layout_basic, uniq_terence

Skill      XL: |  1  2 |
---------------+-------+-----
Shields        | 1 |  1.2
Fighting       | |  3.2
Maces & Flails | |  3.5
Dodging        | |  2.4
Stealth        | |  2.1

Action                   || total
-------------------------++-------
Melee: Mace              ||    51
Invok: Lunge             ||     6
       Whirlwind         ||     1
 Stab: Sleeping          ||     3
Armor: Robe              ||    18
Dodge: Dodged            ||    37
Block: Buckler           ||     6
